 Dungeon Crawl Stone Soup version 0.24-a0-139-geb6712d (webtiles) character file.

Game seed: 6842377497530895444

110 emperorscorpion the Ruffian (level 4, -9/23 HPs)
             Began as a Vine Stalker Skald on Mar 3, 2019.
             Killed from afar by an electric eel (11 damage)
             ... with a bolt of electricity
             ... on level 3 of the Dungeon.
             The game lasted 00:03:41 (2716 turns).

emperorscorpion the Ruffian (Vine Stalker Skald)    Turns: 2716, Time: 00:03:42

Health: -9/23      AC:  6    Str: 15    XL:     4   Next: 91%
Magic:  0/8        EV:  7    Int: 13    God:
Gold:   109        SH:  7    Dex: 13    Spells: 6/7 levels left

rFire    . . .     SeeInvis .     - Unarmed
rCold    . . .     Gourm    .   f - +0 shield
rNeg     . . .     Faith    .   d - +0 ring mail
rPois    .         Spirit   +   v - +0 helmet
rElec    .         Reflect  .   (no cloak)
rCorr    .         Harm     .   (no gloves)
MR       .....                  (no boots)
Stlth    +.........             (no amulet)
HPRegen  0.47/turn              n - ring of wizardry
MPRegen  0.11/turn              (no ring)

@: drained
A: fangs 2, regeneration 1, magic shield, antimagic bite, no potion heal 3, rot
immunity
a: no special abilities


You were on level 3 of the Dungeon.
You were not hungry.

You visited 1 branch of the dungeon, and saw 3 of its levels.

You collected 109 gold pieces.

Inventory:

Missiles
 x - 8 curare-tipped needles
Armour
 a - a +0 leather armour
 d - a +0 ring mail (worn)
 f - a +0 shield (worn)
 p - a +0 scale mail
 v - a +0 helmet (worn)
Jewellery
 m - an uncursed amulet of harm
 n - a ring of wizardry (left hand)
Wands
 y - a wand of flame (14)
Scrolls
 b - 2 scrolls of teleportation {unknown}
 g - 3 scrolls of remove curse {unknown}
 j - 2 scrolls of blinking {unknown}
 k - a scroll of random uselessness {unknown}
 l - a scroll of magic mapping {unknown}
 o - a scroll of fog {unknown}
 t - a scroll of identify {unknown}
 u - a scroll of noise {unknown}
Potions
 e - a potion of heal wounds {unknown}
 h - 2 potions of lignification {unknown}
 i - 2 potions of haste {unknown}
 q - a potion of brilliance {unknown}
 r - a potion of agility {unknown}
 s - a potion of curing
Comestibles
 c - 5 rations
 w - a chunk of flesh


   Skills:
 + Level 2.0(1.1) Fighting
 + Level 1.5(0.6) Armour
 + Level 2.0(1.1) Dodging
 + Level 1.2(0.3) Stealth
 + Level 0.7(0.0) Shields
 + Level 3.5(2.6) Unarmed Combat
 + Level 2.2(1.3) Spellcasting
 + Level 3.1(2.2) Charms


You had 6 spell levels left.
You knew the following spells:

 Your Spells              Type           Power        Failure   Level  Hunger
a - Infusion              Chrm           #...         50%         1    ##.....

Your spell library contained the following spells:

 Spells                   Type           Power        Failure   Level  Hunger
 Song of Slaying          Chrm           #.......     65%         2    ###....
 Shroud of Golubria       Chrm/Tloc      #.........   78%         2    ###....
 Regeneration             Chrm/Necr      #.........   94%         3    ####...
 Spectral Weapon          Hex/Chrm       #.......     94%         3    ####...


Dungeon Overview and Level Annotations

Branches:
Dungeon (3/15)

Altars:

Annotations:
D:3 1 transporter


Innate Abilities, Weirdness & Mutations

You have extremely sharp teeth.
Your natural rate of healing is unusually fast.
When hurt, damage is shared between your health and your magic reserves.
Your bite disrupts and absorbs the magic of your enemies.
Potions cannot restore your health.
You are immune to rotting.


Message History

The electric eel shoots out a bolt of lightning at you!
The bolt of electricity hits you.
The bolt of electricity hits the plant!
The bolt of electricity hits the plant.
Evoke which item? (* to show all) (? for menu, Esc to quit)
Aiming: Throw Flame
Press: ? - help, Shift-Dir - straight line, f - electric eel
Aim: an electric eel The puff of flame hits the electric eel!
The electric eel is heavily wounded.
The electric eel is engulfed in a cloud of scalding steam.
The electric eel shoots out a bolt of lightning at you!
The bolt of electricity hits you!
Ouch! That really hurt!
The bolt of electricity hits the plant.
The bolt of electricity hits the plant!
The electric eel is engulfed in a cloud of scalding steam.
The electric eel shoots out a bolt of lightning at you!
The bolt of electricity hits you.
* * * LOW HITPOINT WARNING * * *
The bolt of electricity hits you!
You die...

.....#######.####........#
#..#............<......###
##.########..[###.####.# # #.##
##.#...###.####.######## # .##
#.#....................# # .##
##.#...###############.# # ..##
#.#...#8P#;;≈≈≈≈≈#P8#.###
...######.#...#..#..≈≈P≈≈#..#..##
..........#..©#©@'..≈⌠P≈≈+:©#©..#
...#####..#...#..#..≈≈≈≈P#..#....
#.## #......#8P#≈≈≈≈≈≈≈#P8#.###
#.# #.###..###############...#
#.# #.# #..................#..
#.# #.# #............#########
#.# #.####......###### #.#
##.........#.#
#.#####[..#####.##.#########


You could see 2 electric eels.

Vanquished Creatures
  A hound (D:3)
  An adder (D:3)
  A dart slug (D:3)
  2 leopard geckos
  7 orcs
  6 bats
  3 giant cockroaches
  11 goblins
  5 hobgoblins
  4 jackals (D:3)
  5 kobolds
  2 quokkas (D:3)
  A frilled lizard (D:2)
  3 rats
52 creatures vanquished.

Notes
Turn   | Place    | Note
-------+----------+-------------------------------------------
     0 | D:1      | emperorscorpion the Vine Stalker Skald began the quest for
                  | the Orb.
     0 | D:1      | Reached XP level 1. HP: 11/11 MP: 4/4
   410 | D:1      | Reached XP level 2. HP: 15/15 MP: 6/6
   876 | D:2      | Reached skill level 1 in Armour
   882 | D:2      | Reached skill level 1 in Stealth
  1261 | D:2      | Reached XP level 3. HP: 14/18 MP: 5/7
  1911 | D:3      | Gained mutation: Your natural rate of healing is unusually
                  | fast. [Vine Stalker growth]
  1911 | D:3      | Reached XP level 4. HP: 6/23 MP: 3/8
  1977 | D:3      | Found a transporter.
  2324 | D:3      | Found a transporter.
  2716 | D:3      | Killed from afar by an electric eel

Levels and vault maps discovered:
D:1:      minmay_arrival_plants_in_alcoves, layout_loops_ring
D:2:      layout_basic, first_ration
D:3:      gammafunk_steamed_eel, layout_loops_ring

Skill      XL: |  1  2  3 |
---------------+----------+-----
Armour         | 1 |  1.5
Stealth        | 1 |  1.2
Fighting       | 2 |  2.0
Dodging        | 2 |  2.0
Unarmed Combat | 3 |  3.5
Shields        | |  0.7
Spellcasting   | |  2.2
Charms         | |  3.1

Action                   |  1- 3 |  4- 6 || total
-------------------------+-------+-------++-------
Melee: Unarmed           |   132 |   121 ||   253
       Bite              |    27 |    28 ||    55
Evoke: Wand              |       |     1 ||     1
  Eat: Chunk             |     3 |     3 ||     6
Armor: Leather armour    |     3 |       ||     3
       Ring mail         |    37 |    40 ||    77
Dodge: Dodged            |    55 |    39 ||    94
Block: Shield            |    38 |    39 ||    77

Table legend:
 A = Non-vault XP
 B = Vault XP
 C = Vault XP percentage of total XP
 D = Non-vault monster count
 E = Vault monster count
 F = Vault count percentage of total count
                 A         B        C        D         E       F
            +---------+---------+-------+---------+---------+-------
      Total |     158 |       0 |   0.0 |      52 |       0 |   0.0
            +---------+---------+-------+---------+---------+-------
        D:1 |      14 |       0 |   0.0 |       8 |       0 |   0.0
        D:2 |      36 |       0 |   0.0 |      19 |       0 |   0.0
        D:3 |     108 |       0 |   0.0 |      25 |       0 |   0.0
            +---------+---------+-------+---------+---------+-------
